 Dungeon Crawl Stone Soup version 0.19.5 (webtiles) character file.

26017 Jerry the Severer (level 13, -4/130 HPs)
             Began as a Hill Orc Fighter on Mar 16, 2017.
             Was the Champion of Okawaru.
             Slain by an eight-headed hydra (7 damage)
             ... on level 4 of the Lair of Beasts.
             The game lasted 00:52:45 (16621 turns).

Jerry the Severer (Hill Orc Fighter)               Turns: 16621, Time: 00:52:46

Health: -4/130     AC: 22    Str: 22    XL:     13   Next: 23%
Magic:  18/19      EV: 10    Int:  8    God:    Okawaru [******]
Gold:   788        SH:  0    Dex: 10    Spells: 1 memorised, 10 levels left

rFire  + . .     SeeInvis .     A - +5 battleaxe (elec)
rCold  . . .     Gourm    .     B - +1 chain mail {rF+}
rNeg   . . .     Faith    .     (shield currently unavailable)
rPois  .         Spirit   .     p - +2 hat
rElec  .         Reflect  .     w - +0 cloak
rCorr  .         Harm     .     (no gloves)
MR     .....                    o - +2 pair of boots {Stlth+}
Stlth  +.........               (no amulet)
                                (no ring)
                                (no ring)

@: heroism, slowed, drained, invisible, very slow
A: blurry vision 2, regeneration 1, robust 1, weak 1
a: Heroism, Finesse, Renounce Religion


You were on level 4 of the Lair of Beasts.
You worshipped Okawaru.
Okawaru was exalted by your worship.
You were not hungry.

You visited 2 branches of the dungeon, and saw 15 of its levels.

You collected 987 gold pieces.
You spent 199 gold pieces at shops.

Inventory:

Hand Weapons
 y - a +0 war axe of flaming
 A - a +5 battleaxe of electrocution (weapon)
 C - a +3 war axe of freezing
 E - the +10 shortbow "Oluqamp" {flame, rN+ MP+9}
   (You found it on level 7 of the Dungeon)

   It causes projectiles fired from it to burn those they strike, causing extra
   injury to most foes and up to half again as much damage against particularly
   susceptible opponents.
   It protects you from negative energy.
   It affects your magic capacity (+9).
 K - the +3 battleaxe "Otaffymm" {elec, rF+}
   (Okawaru gifted it to you on level 9 of the Dungeon)

   Occasionally, upon striking a foe, it will discharge some electrical energy
   and cause terrible harm.
   It protects you from fire.
Missiles
 F - 226 arrows
Armour
 o - a +2 pair of boots of stealth (worn)
 p - a +2 hat (worn)
 q - a +0 buckler
 w - a +0 cloak (worn)
 B - a +1 chain mail of fire resistance (worn)
Wands
 a - a wand of digging (24/24)
 b - a wand of confusion (38/48)
 c - a wand of teleportation (3/9)
Scrolls
 h - 7 scrolls of identify
 i - 3 scrolls of recharging
 j - 9 scrolls of teleportation
 l - 10 scrolls of remove curse
 s - 2 scrolls of blinking
 t - a scroll of amnesia
 u - 3 scrolls of immolation
 v - a scroll of enchant weapon
 z - 2 scrolls of fear
 D - a scroll of brand weapon {unknown}
 I - a scroll of silence {unknown}
 J - a scroll of enchant armour {unknown}
Potions
 d - 3 potions of ambrosia
 e - 3 potions of curing
 g - 2 potions of invisibility
 k - 2 potions of resistance
 m - 3 potions of brilliance
 n - a potion of heal wounds
Comestibles
 f - 8 bread rations
 r - 6 meat rations
 x - 38 fruits
 G - a beef jerky
 H - 5 chunks of flesh


   Skills:
 + Level 12.3(17.0) Fighting
 * Level 18.0(22.6) Axes
 + Level 12.0(16.6) Armour
 - Level 4.1(8.8) Shields
 - Level 9.1(8.8) Invocations


You had 10 spell levels left.
You knew the following spells:

 Your Spells              Type           Power        Failure   Level  Hunger
a - Repel Missiles        Chrm/Air       #.....       100%        2    ###....


Dungeon Overview and Level Annotations

Branches:
Dungeon (11/15)              Lair (4/6) D:11          Swamp (0/4) Lair:4
 Spider (0/4) Lair:3          Orc (0/2) D:10
 Temple: D:4-7

Altars:
Ashenzari
Cheibriados
Dithmenos
Elyvilon
Fedhas
Hepliaklqana
Okawaru
Trog
Vehumet
Yredelemnul
Zin
The Shining One
Beogh

Shops:
D:4 ([   D:8 *   D:9 =   D:10 (   D:11 [?


Innate Abilities, Weirdness & Mutations

Scrolls take you longer to read.
Your natural rate of healing is unusually fast.
You are robust. (+10% HP)
You are weak. (Str -2)


Message History

The eight-headed hydra bites you!
* * * LOW HITPOINT WARNING * * *
The eight-headed hydra closely misses you.
The eight-headed hydra bites you!
* * * LOW HITPOINT WARNING * * *
The eight-headed hydra misses you.
The eight-headed hydra bites you but does no damage. x3
The eight-headed hydra closely misses you.
The eight-headed hydra bites you!
* * * LOW HITPOINT WARNING * * *
The eight-headed hydra bites you but does no damage.
The eight-headed hydra completely misses you.
The eight-headed hydra closely misses you.
You fade into invisibility!
The eight-headed hydra barely misses you.
The eight-headed hydra bites you but does no damage.
The eight-headed hydra barely misses you. x2
The eight-headed hydra bites you but does no damage.
The eight-headed hydra bites you!
You die...

### .P## ...#### ##
#.....## ### #
#..###...... ..##.####
..........# ##..#....
.......#W###### ##P.#..P#
#...)..W##.####....#.#
........##WD@...........#
#...#..###.####..##...P.#
... ##. #.# ######..#..#
. #. ### #..## . #. ##..#
.. #.## .. ### ##..#
..###P.####..## .#
........##.P.P### #..


You could see an eight-headed hydra and 3 wraiths.

Vanquished Creatures
  Josephine (Lair:4)
  A hydra (Lair:1)
  Nergalle (Lair:2)
  A fire crab (Lair:2)
  A hill giant (D:11)
  3 ugly things
  2 cyclopes (D:11)
  A manticore (D:11)
  A black mamba (Lair:1)
  2 centaur zombies
  4 spiny frogs
  A gargoyle (D:11)
  A rime drake (Lair:3)
  2 komodo dragons
  The ghost of Nikta the Magician, a novice DEFE (D:4)
  A troll (D:8)
  2 tyrant leeches (Lair:4)
  A hornet (D:7)
  5 hippogriffs
  3 redbacks (Lair:3)
  36 yaks
  2 wyverns
  A basilisk (Lair:3)
  2 wraiths (Lair:4)
  A steam dragon (D:9)
  2 hungry ghosts (D:8)
  2 mottled dragons
  Menkaure (D:7)
  2 swamp worms (Lair:4)
  A soldier ant (D:9)
  5 water moccasins
  8 porcupines
  8 orc warriors
  An eye of draining (D:8)
  6 sky beasts
  A black bear (Lair:3)
  An ice beast (D:5)
  A phantom (D:5)
  5 ogres
  6 necrophages
  5 centaurs
  3 crocodiles
  A big kobold (D:9)
  14 bullfrogs
  A water moccasin zombie (D:7)
  2 gnoll sergeants
  2 water moccasin skeletons
  3 scorpions
  3 killer bees (D:11)
  7 wights
  5 howler monkeys
  4 crimson imps
  A quasit (D:9)
  6 hounds
  3 jellies
  13 orc wizards
  A bullfrog skeleton (D:5)
  10 orc priests
  2 centaur skeletons
  2 iguanas
  2 hell rats (D:11)
  7 worker ants
  A killer bee zombie (D:9)
  2 mummies (D:7)
  A worker ant zombie (D:10)
  11 gnolls
  17 adders
  A river rat (D:11)
  2 shadow imps (D:8)
  An ooze (D:5)
  2 worms
  2 adder skeletons (D:6)
  A dart slug (D:2)
  A leopard gecko (D:10)
  72 orcs
  2 ball pythons
  A giant cockroach (D:1)
  5 goblins
  6 hobgoblins
  8 jackals
  7 quokkas
  A bat (D:1)
  6 frilled lizards
  A jackal skeleton (D:6)
  3 kobolds
  A quokka zombie (D:7)
  7 rats
  2 plants
  A withered plant (D:7)
389 creatures vanquished.

Vanquished Creatures (others)
  A jackal (D:8)
  A fungus (Lair:3)
2 creatures vanquished.

Grand Total: 391 creatures vanquished

Notes
Turn   | Place    | Note
-------+----------+-------------------------------------------
     0 | D:1      | Jerry the Hill Orc Fighter began the quest for the Orb.
     0 | D:1      | Reached XP level 1. HP: 19/19 MP: 1/1
   247 | D:1      | Reached skill level 3 in Axes
   282 | D:1      | Reached XP level 2. HP: 27/27 MP: 2/2
  1302 | D:2      | Found a hazy altar of Hepliaklqana.
  1307 | D:2      | Reached XP level 3. HP: 31/33 MP: 3/3
  1927 | D:2      | Reached skill level 4 in Axes
  2046 | D:2      | Reached XP level 4. HP: 12/40 MP: 4/4
  2405 | D:3      | Reached XP level 5. HP: 46/47 MP: 5/5
  2422 | D:3      | Found an iron altar of Okawaru.
  2433 | D:3      | Reached skill level 5 in Axes
  3038 | D:3      | Reached XP level 6. HP: 46/55 MP: 6/6
  3133 | D:3      | Found a faded altar of an unknown god.
  3273 | D:3      | Became a worshipper of Warmaster Okawaru
  3314 | D:4      | Noticed Nikta's ghost (novice DEFE)
  3325 | D:4      | Killed Nikta's ghost
  3325 | D:4      | Reached skill level 5 in Fighting
  3325 | D:4      | Reached skill level 6 in Axes
  3325 | D:4      | Reached skill level 5 in Armour
  3325 | D:4      | Reached skill level 1 in Invocations
  3325 | D:4      | Reached XP level 7. HP: 7/61 MP: 6/8
  3667 | D:4      | Reached * piety under Okawaru
  3670 | D:4      | Reached skill level 7 in Axes
  3856 | D:4      | Found Myhuasse's Antique Armour Shoppe.
  3902 | D:4      | Found Xayqu's Antique Weapon Emporium.
  4338 | D:4      | Bought a pair of glowing boots for 199 gold pieces
  4358 | D:5      | Entered Level 5 of the Dungeon
  4395 | D:5      | Reached skill level 8 in Axes
  4395 | D:5      | Reached XP level 8. HP: 58/70 MP: 10/10
  5093 | D:5      | Reached ** piety under Okawaru
  5404 | D:5      | Reached skill level 9 in Axes
  5477 | D:5      | Found a glowing silver altar of Zin.
  5685 | D:5      | Gained mutation: You are somewhat resistant to further mutation. [mutagenic meat]
  5765 | D:5      | Found a snail-covered altar of Cheibriados.
  5997 | D:6      | Reached XP level 9. HP: 56/78 MP: 12/12
  6015 | D:5      | Reached skill level 5 in Invocations
  6018 | D:5      | Reached *** piety under Okawaru
  6018 | D:5      | Reached skill level 10 in Axes
  6212 | D:5      | Lost mutation: You are somewhat resistant to further mutation. [mutagenic meat]
  6213 | D:5      | Gained mutation: You have sharp toenails. [mutagenic meat]
  6467 | D:5      | Gained mutation: You are weak. (Str -2) [mutagenic meat]
  6468 | D:5      | Gained mutation: You have a pair of small antennae on your head. [mutagenic meat]
  6469 | D:5      | Gained mutation: You tend to lose your temper in combat. [mutagenic meat]
  6470 | D:5      | Gained mutation: Your body sometimes deteriorates upon taking damage. [mutagenic meat]
  6471 | D:5      | Gained mutation: Your magical capacity is low. (-10% MP) [mutagenic meat]
  6492 | D:5      | Lost mutation: Your magical capacity is low. (-10% MP) [potion of cure mutation]
  6492 | D:5      | Lost mutation: You tend to lose your temper in combat. [potion of cure mutation]
  6492 | D:5      | Lost mutation: You have sharp toenails. [potion of cure mutation]
  6492 | D:5      | Lost mutation: You have a pair of small antennae on your head. [potion of cure mutation]
  6492 | D:5      | Lost mutation: Your body sometimes deteriorates upon taking damage. [potion of cure mutation]
  7017 | D:6      | Found a glowing silver altar of Zin.
  7019 | D:6      | Found a white marble altar of Elyvilon.
  7023 | D:6      | Found a glowing golden altar of the Shining One.
  7228 | D:6      | Reached skill level 11 in Axes
  7662 | D:7      | Reached **** piety under Okawaru
  7760 | D:7      | Got a polished shortbow
  8026 | D:1      | Identified the +10 shortbow "Oluqamp" {flame, rN+ MP+9} (You found it on level 7 of the Dungeon)
  8239 | D:7      | Reached XP level 10. HP: 81/86 MP: 15/15
  8289 | D:7      | Paralysed by a hornet for 1 turns
  8665 | D:7      | Noticed Menkaure
  8671 | D:7      | Killed Menkaure
  8728 | D:7      | Reached skill level 12 in Axes
  9030 | D:8      | Found Rynkaats's Demolitions Depot.
  9164 | D:8      | Found a radiant altar of Vehumet.
  9198 | D:8      | Found a bloodstained altar of Trog.
  9584 | D:8      | Found a blossoming altar of Fedhas.
  9816 | D:8      | Reached ***** piety under Okawaru
  9838 | D:8      | Found a faded altar of an unknown god.
  9838 | D:8      | Found a faded altar of an unknown god.
  9843 | D:8      | Found a faded altar of an unknown god.
  9845 | D:8      | Found a basalt altar of Yredelemnul.
  9846 | D:8      | Found a shattered altar of Ashenzari.
 10055 | D:9      | Found a shadowy altar of Dithmenos.
 10252 | D:9      | Received a gift from Okawaru
 10258 | D:9      | Got a crystal battleaxe {god gift}
 10259 | D:9      | Identified the +3 battleaxe "Otaffymm" {elec, rF+} (Okawaru gifted it to you on level 9 of the Dungeon)
 10270 | D:9      | Found Kiosti Guem's Jewellery Shoppe.
 10583 | D:9      | Reached skill level 13 in Axes
 10963 | D:9      | Learned a level 2 spell: Repel Missiles
 10998 | D:10     | Entered Level 10 of the Dungeon
 11010 | D:9      | Reached XP level 11. HP: 94/97 MP: 17/17
 11424 | D:10     | Found a staircase to the Orcish Mines.
 11512 | D:10     | Reached skill level 14 in Axes
 11634 | D:10     | Found a roughly hewn altar of Beogh.
 12048 | D:10     | Found Ratogoof's Antique Weapon Shoppe.
 12274 | D:11     | Noticed a cyan ugly thing
 12284 | D:10     | Killed a cyan ugly thing
 12284 | D:10     | Reached skill level 10 in Fighting
 12289 | D:10     | Gained mutation: Scrolls take you a little longer to read. [mutagenic meat]
 12298 | D:11     | Noticed a manticore
 12304 | D:11     | Killed a manticore
 12443 | D:11     | Found a staircase to the Lair.
 12452 | D:11     | Noticed a hill giant
 12461 | D:11     | Reached skill level 10 in Armour
 12468 | D:11     | Killed a hill giant
 12473 | D:11     | Reached skill level 15 in Axes
 12482 | D:11     | HP: 3/101 [gargoyle/flail (13)]
 12802 | D:11     | Found Koposubb's Magic Scroll Shoppe.
 12973 | D:11     | Found Gihuam's Antique Armour Shoppe.
 13193 | D:11     | Noticed a cyclops
 13210 | D:11     | Killed a cyclops
 13330 | D:11     | Noticed a cyclops
 13344 | D:11     | Killed a cyclops
 13344 | D:11     | Reached XP level 12. HP: 102/108 MP: 11/18
 13390 | Lair:1   | Entered Level 1 of the Lair of Beasts
 13469 | Lair:1   | Received a gift from Okawaru
 13813 | Lair:1   | Reached skill level 16 in Axes
 13976 | Lair:1   | Gained mutation: Your natural rate of healing is unusually fast. [mutagenic meat]
 13977 | Lair:1   | Gained mutation: Scrolls take you longer to read. [mutagenic meat]
 13978 | Lair:1   | Gained mutation: You are robust. (+10% HP) [mutagenic meat]
 14175 | Lair:1   | Noticed an eight-headed hydra
 14190 | Lair:1   | Killed a one-headed hydra
 14490 | Lair:2   | Noticed Nergalle
 14725 | Lair:2   | Killed Nergalle
 15436 | Lair:3   | Received a gift from Okawaru
 15440 | Lair:3   | Reached skill level 17 in Axes
 15559 | Lair:3   | Reached ****** piety under Okawaru
 15671 | Lair:3   | Found a hole to the Spider Nest.
 15702 | Lair:3   | Reached XP level 13. HP: 108/129 MP: 19/19
 16286 | Lair:4   | Found a staircase to the Swamp.
 16596 | Lair:4   | Noticed Josephine
 16607 | Lair:4   | Killed Josephine
 16607 | Lair:4   | Reached skill level 18 in Axes
 16620 | Lair:4   | HP: 2/130 [eight-headed hydra (9)]
 16621 | Lair:4   | Slain by an eight-headed hydra

Skill      XL: |  1  2  3  4  5  6  7  8  9 10 11 12 13 |
---------------+----------------------------------------+-----
Axes           | 3 4 5 6 8 9 11 13 15 17 18 | 18.0
Fighting       | 4 5 6 7 9 10 12 | 12.3
Armour         | 4 5 6 7 9 10 11 12 | 12.0
Shields        | 4 |  4.1
Invocations    | 1 3 4 7 8 9 |  9.1

Action                   |  1- 3 |  4- 6 |  7- 9 | 10-12 | 13-15 || total
-------------------------+-------+-------+-------+-------+-------++-------
Melee: War axe           |    98 |   115 |   400 |   198 |       ||   811
       Battleaxe         |       |       |       |   405 |    79 ||   484
       Punch             |       |       |       |     2 |       ||     2
 Fire: Shortbow          |       |       |    14 |     2 |       ||    16
Invok: Heroism           |       |       |       |     8 |     1 ||     9
       Finesse           |       |       |       |     6 |       ||     6
Evoke: Wand              |       |       |     3 |       |       ||     3
  Use: Potion            |       |     1 |     1 |     3 |     1 ||     6
       Scroll            |       |       |     6 |    24 |       ||    30
 Stab: Sleeping          |       |       |     1 |       |       ||     1
       Held in net/web   |       |       |       |       |     1 ||     1
  Eat: Chunk             |     4 |     4 |    27 |    30 |     3 ||    68
       Pizza             |       |       |     1 |       |       ||     1
       Meat ration       |       |       |       |     1 |       ||     1
       Beef jerky        |       |       |       |     1 |       ||     1
       Royal jelly       |       |       |       |     1 |       ||     1
Armor: Scale mail        |    51 |    55 |    36 |       |       ||   142
       Ring mail         |       |       |   147 |    26 |       ||   173
       Chain mail        |       |       |       |   358 |    65 ||   423
Dodge: Dodged            |    51 |    55 |   183 |   248 |    43 ||   580
Block: Buckler           |       |     7 |    76 |       |       ||    83
